 Dungeon Crawl Stone Soup version 0.17.1-2-g5865329 (webtiles) character file.

165 FortyThree the Slasher (level 5, -1/57 HPs)
             Began as a Demonspawn Gladiator on Jan 15, 2016.
             Was an Initiate of Vehumet.
             Slain by a scorpion (5 damage)
             ... on level 4 of the Dungeon.
             The game lasted 00:07:09 (3050 turns).

FortyThree the Slasher (Demonspawn Gladiator)       Turns: 3050, Time: 00:07:09

Health: -1/57      AC: 22    Str: 19    XL:     5   Next: 21%
Magic:  5/5        EV:  5    Int: 10    God:    Vehumet [......]
Gold:   104        SH:  0    Dex: 17    Spells: 0 memorised, 4 levels left

rFire  . . .     SeeInvis +     a - +0 long sword
rCold  . . .     Clarity  .     (armour currently unavailable)
rNeg   + + +     SustAt   .     (no shield)
rPois  +         Gourm    .     (helmet currently unavailable)
rElec  .         Spirit   .     (cloak currently unavailable)
rCorr  .         Warding  .     (gloves currently unavailable)
rMut   .         NoTele   +     (boots currently unavailable)
MR     .....                    (no amulet)
Stlth  ++........               s - ring of see invisible
                                n - +3 ring of dexterity

@: lethally poisoned (-1 -> -1), tree-form, not resistant to hostile
enchantments, unstealthy
A: (hooves 0), (horns 0), repulsion field 2, strong 2
a: Renounce Religion


You were on level 4 of the Dungeon.
You worshipped Vehumet.
Vehumet was noncommittal.
You were very hungry.
You were a tree.
You visited 1 branch of the dungeon, and saw 4 of its levels.

You collected 104 gold pieces.

Inventory:

Hand Weapons
 a - a +0 long sword (weapon)
Missiles
 d - a throwing net (quivered)
Armour
 b - a +0 leather armour (melded)
 c - a +0 helmet
 f - a +0 ring mail
 j - a +0 chain mail
Jewellery
 n - a +3 ring of dexterity (left branch)
 s - a ring of see invisible (right branch)
Wands
 q - a wand of random effects (14)
Scrolls
 i - a scroll of enchant armour {unknown}
 k - a scroll of immolation {unknown}
 m - a scroll of enchant weapon {unknown}
 o - a scroll of teleportation {unknown}
 p - a scroll of recharging {unknown}
 r - a scroll of random uselessness {unknown}
 v - a scroll of identify {unknown}
Comestibles
 e - 5 bread rations
 h - 2 meat rations
 l - 8 fruits


   Skills:
 - Level 2.0 Fighting
 + Level 5.4 Long Blades
 - Level 1.7 Throwing
 - Level 2.6 Dodging


You had 4 spell levels left.
You didn't know any spells.

Dungeon Overview and Level Annotations

Branches:
Dungeon (4/15)
 Temple: D:4-7

Altars:
Vehumet
Yredelemnul


Innate Abilities, Weirdness & Mutations

((You have a pair of small horns on your head.))
You are surrounded by a moderate repulsion field (EV +3).
((You have large cloven feet.))
Your muscles are very strong. (Str +4)


Message History

Drink which item? (? for menu, Esc to quit)
It was a potion of poison.
You feel slightly nauseous.
The bat struggles to escape the net.
The bat breaks free.
The bat hits you but does no damage.
Drink which item? (? for menu, Esc to quit)
It was a potion of mutation.
You feel extremely strange.
You feel stronger.
Your feet thicken and deform.
You feel stronger.
You feel sick. The bat hits you but does no damage.
You cannot move.
The bat hits you but does no damage. The bat hits you but does no damage. x2
The bat hits you but does no damage.
You cannot move.
You feel sick. The bat hits you but does no damage.
You barely miss the bat. The bat hits you but does no damage.
You are feeling very hungry.
You hit the scorpion but do no damage.
You feel sick.
The scorpion stings you but does no damage.
You hit the scorpion but do no damage. The scorpion stings you.
You die...

....## ..
...... ..
.....
##.###
..##..
.....
#..... ....
#.... #..
......
#s####
...###
#.♣<(# .. #
####.......
#......
.##### #


You could see a scorpion.

Vanquished Creatures
  A hound zombie (D:2)
  9 adders
  An ooze (D:2)
  2 worms (D:2)
  A giant gecko (D:1)
  5 orcs
  5 giant cockroaches
  3 hobgoblins
  A jackal (D:1)
  3 quokkas
  A ball python (D:1)
  9 bats
  3 giant newts
  7 goblins
  A kobold (D:2)
  5 rats
57 creatures vanquished.

Notes
Turn   | Place    | Note
--------------------------------------------------------------
     0 | D:1      | FortyThree the Demonspawn Gladiator began the quest for the Orb.
     0 | D:1      | Reached XP level 1. HP: 16/16 MP: 1/1
   157 | D:1      | Reached skill level 3 in Long Blades
   405 | D:1      | Gained mutation: You are surrounded by a mild repulsion field (EV +2). [demonic ancestry]
   405 | D:1      | Reached XP level 2. HP: 22/22 MP: 2/2
   838 | D:2      | Found a radiant altar of Vehumet.
  1092 | D:2      | Found a basalt altar of Yredelemnul.
  1117 | D:2      | Gained mutation: You have a pair of small horns on your head. [demonic ancestry]
  1117 | D:2      | Reached XP level 3. HP: 23/27 MP: 3/3
  1118 | D:2      | Reached skill level 4 in Long Blades
  1663 | D:2      | Reached XP level 4. HP: 23/33 MP: 4/4
  2235 | D:2      | Became a worshipper of Vehumet
  2294 | D:2      | Reached skill level 5 in Long Blades
  2504 | D:4      | Gained mutation: You are surrounded by a moderate repulsion field (EV +3). [demonic ancestry]
  2504 | D:4      | Reached XP level 5. HP: 20/38 MP: 5/5
  3042 | D:4      | Gained mutation: Your muscles are strong. (Str +2) [potion of mutation]
  3042 | D:4      | Gained mutation: You have large cloven feet. [potion of mutation]
  3042 | D:4      | Gained mutation: Your muscles are very strong. (Str +4) [potion of mutation]
  3050 | D:4      | Slain by a scorpion

Action                   |  1- 3 |  4- 6 || total
-------------------------+-------+-------++-------
Melee: Long sword        |   124 |    98 ||   222
Throw: Throwing net      |     2 |     3 ||     5
  Use: Potion            |       |     3 ||     3
  Eat: Chunk             |     2 |     4 ||     6
